 Dungeon Crawl Stone Soup version 0.30-a0-279-g4b46babb21 (webtiles) character file.

Game seed: 3622948397647026612

23 koil the Sneak (level 2, -1/14 HPs)
             Began as a Spriggan Enchanter on Oct 17, 2022.
             Slain by a worm (11 damage)
             ... on level 2 of the Dungeon.
             The game lasted 00:02:23 (1093 turns).

koil the Sneak (Spriggan Enchanter)                 Turns: 1093, Time: 00:02:24

Health: -1/14      AC:  2    Str:  4    XL:     2   Next: 75%
Magic:  7/7        EV: 21    Int: 16    God:
Gold:   4          SH:  0    Dex: 15    Spells: 7/7 levels left

rFire   . . .      SeeInvis +    a - +2 dagger (speed)
rCold   . . .      Faith    .    (no shield)
rNeg    . . .      Spirit   .    b - +0 robe
rPois   .          Reflect  .    (helmet restricted)
rElec   .          Harm     .    (no cloak)
rCorr   .          Rampage  .    (gloves unavailable)
Will    .....                    (boots unavailable)
Stlth   +++.......               j - amulet of the acrobat
HPRegen 0.22/turn                i - +4 ring of evasion
MPRegen 0.10/turn                (no ring)

@: very quick
A: very small, no large weapons, unfitting armour, see invisible, speed 3
a: no special abilities


You were on level 2 of the Dungeon.
You visited 1 branch of the dungeon, and saw 2 of its levels.

You collected 4 gold pieces.

Inventory:

Hand Weapons
 a - a +2 dagger of speed (weapon)
 f - a +1 dagger
Missiles
 e - 8 poisoned darts (quivered)
Armour
 b - a +0 robe (worn)
Jewellery
 i - a +4 ring of evasion (left hand)
 j - an amulet of the acrobat (around neck)
Scrolls
 g - a scroll of silence {unknown}
Potions
 c - 2 potions of invisibility
 d - a potion of flight {unknown}
 h - 2 potions of magic {unknown}
 k - a potion of curing {unknown}


   Skills:
 + Level 0.3 Fighting
 + Level 1.5 Short Blades
 + Level 3.1 Dodging
 + Level 4.7 Stealth
 + Level 3.0 Spellcasting
 + Level 3.9 Hexes


You had 7 spell levels left.
You didn't know any spells.
Your spell library contained the following spells:

 Spells                   Type           Power      Damage    Failure   Level
 Confusing Touch          Hex            15%        N/A       11%         3
 Tukima's Dance           Hex            15%        N/A       11%         3
 Ensorcelled Hibernation  Hex/Ice        16%        N/A       13%         2
 Dazzling Flash           Conj/Hex       16%        N/A       26%         3


Dungeon Overview and Level Annotations

Branches:
Dungeon (2/15)

Altars:


Innate Abilities, Weirdness & Mutations

You are very small and have problems with some larger weapons.
You are too small for most types of armour.
You have supernaturally acute eyesight. (SInv)
You cover ground extremely quickly. (Speed+++)


Message History

You see here a puce potion.
A rat is nearby!
k - a puce potion A frilled lizard comes into view.
The frilled lizard hisses angrily.
You closely miss the frilled lizard. The frilled lizard closely misses you.
You hit the frilled lizard.
You kill the frilled lizard!
You hit the rat.
You kill the rat!
No target in view!
No target in view!
A worm comes into view.
You barely miss the worm. The worm completely misses you.
You hit the worm but do no damage. You hit the worm.
The worm is lightly wounded.
You completely miss the worm.
The worm is lightly wounded.
The worm bites you.
You hit the worm.
The worm is lightly wounded.
You hit the worm but do no damage.
The worm is lightly wounded.
The worm closely misses you.
You barely miss the worm. You hit the worm. You punch the worm.
The worm is moderately wounded.
You hit the worm.
The worm is moderately wounded.
The worm misses you.
You hit the worm.
The worm is moderately wounded.
You hit the worm.
The worm is heavily wounded.
You hit the worm.
The worm is severely wounded.
The worm bites you!
Ouch! That really hurt!
You die...

#..........#..
#######.####
.. #.# ..# #.#
## #... #.#
.#...
#.#####.#.#
#.........#.#
#.####......#
#.# #@######
#.# #w# #.#
#.# ..# #.#
### #.# #.#
#.# #..


You could see a worm.

Vanquished Creatures
  2 endoplasms (D:1)
  2 giant cockroaches
  6 goblins (D:1)
  A quokka (D:1)
  A ball python (D:1)
  3 bats (D:1)
  2 frilled lizards
  2 kobolds (D:1)
  4 rats
23 creatures vanquished.

Notes
Turn   | Place    | Note
-------+----------+-------------------------------------------
     0 | D:1      | koil the Spriggan Enchanter began the quest for the Orb.
     0 | D:1      | Reached XP level 1. HP: 9/9 MP: 5/5
   173 | D:1      | Reached XP level 2. HP: 10/13 MP: 6/6
   656 | D:1      | Found a faded altar of an unknown god.
  1093 | D:2      | Slain by a worm

Illustrated notes

Levels and vault maps discovered:
D:1:      nagdon_arrival_zigzag_paths, layout_basic,
          ebering_ecumenical_altar_petrified
D:2:      layout_loops_ring, kennysheep_generic_room_7

Skill      XL: |  1  2 |
---------------+-------+-----
Dodging        | 3 |  3.1
Spellcasting   | 3 |  3.0
Fighting       | |  0.3
Short Blades   | |  1.5
Stealth        | |  4.7
Hexes          | |  3.9

Action                   || total
-------------------------++-------
Melee: Dagger            ||    57
       Punch             ||     2
 Stab: Sleeping          ||    10
Armor: Robe              ||     1
Dodge: Dodged            ||    25

Table legend: (Time is in decaauts)
 A = Elapsed time spent in this place.
 B = Non-inter-level travel time spent in this place.
 C = Inter-level travel time spent in this place.
 D = Time resting spent in this place.
 E = Time spent auto-exploring this place.
 F = Levels seen in this place.
 G = Mean time per level.
                   A        B        C        D        E       F      G
               +--------+--------+--------+--------+--------+-----+--------+
         Total |    676 |    639 |     37 |      0 |    493 |   2 |  338.0 |
       Dungeon |    676 |    639 |     37 |      0 |    493 |   2 |  338.0 |
               +--------+--------+--------+--------+--------+-----+--------+

Top non-repeatable levels by time:
     D:1: 589 daAuts
     D:2: 86 daAuts
